 Dungeon Crawl Stone Soup version 0.31.0-12-g77e489cdc1 (webtiles) character file.

Game seed: 17054386467299492335

1036 Fodor the Chopper (level 8, -3/70 HPs)
             Began as a Minotaur Fighter on Feb 26, 2024.
             Slain by a scorpion (5 damage)
             ... on level 5 of the Dungeon.
             The game lasted 00:23:45 (4293 turns).

Fodor the Chopper (Minotaur Fighter)                Turns: 4293, Time: 00:23:45

Health: -3/70      AC:  6    Str: 28    XL:     8   Next: 4%
Magic:  0/7        EV:  9    Int:  5    God:
Gold:   249        SH:  5    Dex: 11    Spells: 7/7 levels left

rFire   + . .        t - +1 flail (heavy)
rCold   . . .        c - +0 buckler
rNeg    . . .        b - +0 chain mail
rPois   .            (helmet restricted)
rElec   .            (no cloak)
rCorr   .            (no gloves)
SInv    .            (no boots)
Will    .....        e - amulet of guardian spirit Stlth
                     g - ring of protection from fire
HPRegen 0.31/turn    u - +6 ring of strength
MPRegen 0.10/turn

%: guardian spirit
@: lethally poisoned (-3 -> -19), corroded
A: horns 2, retaliatory headbutt
a: no special abilities


You were on level 5 of the Dungeon.
You visited 1 branch of the dungeon, and saw 5 of its levels.
You also visited: Sewer.

You collected 249 gold pieces.

Inventory:

Hand Weapons
 t - a +1 heavy flail (weapon)
 v - the +5 spear "Jatops" {antimagic, ^Contam rF+ Str+2}
   (You took it off an orc wizard on level 4 of the Dungeon)

   Str+2:     It affects your strength (+2).
   rF+:       It protects you from fire.
   ^Contam:   It causes magical contamination when unequipped.
Missiles
 m - 4 javelins (quivered)
Armour
 b - a +0 chain mail (worn)
 c - a +0 buckler (worn)
Jewellery
 e - an amulet of guardian spirit (around neck)
 g - a ring of protection from fire (left hand)
 u - a +6 ring of strength (right hand)
Talismans
 x - a beast talisman
Wands
 q - a wand of mindburst (9)
 r - a wand of light (6)
Scrolls
 d - 2 scrolls of revelation {unknown}
 f - 3 scrolls of teleportation {unknown}
 j - 2 scrolls of noise {unknown}
 k - 6 scrolls of identify {unknown}
 n - 2 scrolls of enchant weapon {unknown}
 o - a scroll of brand weapon {unknown}
Potions
 a - 2 potions of resistance {unknown}
 h - a potion of mutation {unknown}
 i - a potion of berserk rage {unknown}
 l - a potion of enlightenment {unknown}
 p - a potion of brilliance {unknown}
 s - 2 potions of heal wounds {unknown}
 w - a potion of magic {unknown}


   Skills:
 + Level 5.7 Fighting
 + Level 6.9(7.0) Axes
 + Level 1.8(4.7) Maces & Flails
 + Level 6.5 Armour
 + Level 2.1 Dodging
 + Level 1.0 Stealth
 + Level 5.6 Shields


You had 7 spell levels left.
You didn't know any spells.
Your spell library contained the following spells:

 Spells                   Type           Power      Damage    Failure   Level
 Cigotuvi's Dreadful Rot  Necr/Alch/Air  0%         N/A       98%         2
 Lesser Beckoning         Tloc           0%         N/A       98%         2
 Gell's Gravitas          Tloc           0%         N/A       100%        3
 Teleport Other           Tloc           0%         N/A       100%        3
 Dispel Undead            Necr           0%         3d6       100%        4
 Martyr's Knell           Necr/Summ      0%         N/A       100%        4
 Death Channel            Necr           0%         N/A       100%        6


Dungeon Overview and Level Annotations

Branches:
Dungeon (5/15)              Sewer (visited)
 Temple: D:4-7

Altars:
Nemelex Xobeh
Trog
Wu Jian


Innate Abilities, Weirdness & Mutations

You have a pair of horns on your head.
You reflexively headbutt those who attack you in melee.


Message History

You furiously retaliate!
You headbutt the adder!
You kill the adder!
You block the orc's attack. The jelly barely misses you.
You furiously retaliate!
You headbutt the jelly! The orc hits you with a +0 whip.
You have reached level 8!
You feel agile.
You hit the jelly. The acid corrodes you!
Your hands burn!
The jelly is almost dead.
The scorpion stings you.
You are poisoned.
The scorpion poisons you! The orc hits you but does no damage.
You block the orc's attack. The jelly hits you but does no damage.
The scorpion stings you.
You are more poisoned.
The scorpion poisons you! The jelly hits you but does no damage.
The orc hits you with a +0 mace of holy wrath.
The orc hits you with a +0 whip.
You bludgeon the jelly!!
You kill the jelly!
You feel extremely sick. The scorpion stings you.
You block the scorpion's attack. The orc completely misses you.
The orc barely misses you. The ogre closely misses you.
The bombardier beetle waves its antennae.
The bombardier beetle bites you but does no damage.
The scorpion stings you.
You are more poisoned.
The scorpion poisons you!
You sock the ogre! You headbutt the ogre.
The ogre is heavily wounded.
You feel extremely sick. The orc misses you. You block the orc's attack.
The ogre hits you with a +0 giant spiked club!!
* * * LOW HITPOINT WARNING * * *
The scorpion barely misses you. The orc barely misses you.
You block the orc's attack.
The bombardier beetle bites you but does no damage.
The scorpion stings you.
You die...

......# .###
....... ###....
...... .......
..... ....... .
#...#.......
...#...........
++###.sBo......
....#.o@.......
PPP.#..O)......
..P.#.#.####...
_.P.#.>.. .
....# ...
#####..... ....
....#
.........#


You could see an ogre, a scorpion, a bombardier beetle and 2 orcs.

Vanquished Creatures
  Sigmund (D:2)
  Menkaure (D:4)
  Edmund (D:4)
  A black bear (D:3)
  2 bullfrogs (Sewer)
  A jelly (D:5)
  An orc priest (D:5)
  2 hounds
  An orc wizard (D:4)
  A sleepcap (D:4)
  Robin (D:4)
  3 gnolls (D:3)
  6 adders
  11 dart slugs
  A ribbon worm (D:4)
  6 orcs
  4 endoplasms
  9 giant cockroaches
  11 goblins
  11 hobgoblins
  6 jackals (D:4)
  5 kobolds
  A quokka (D:1)
  17 ball pythons
  11 frilled lizards
  4 rats
119 creatures vanquished.

Vanquished Creatures (others)
  An orc wizard (D:4)
1 creature vanquished.

Grand Total: 120 creatures vanquished

Notes
Turn   | Place    | Note
-------+----------+-------------------------------------------
     0 | D:1      | Fodor the Minotaur Fighter began the quest for the Orb.
     0 | D:1      | Reached XP level 1. HP: 19/19 MP: 0/0
   237 | D:1      | Reached XP level 2. HP: 27/27 MP: 1/1
   496 | D:1      | Found a faded altar of an unknown god.
   921 | D:2      | Noticed Sigmund
   939 | D:2      | Killed Sigmund
   940 | D:2      | Reached XP level 3. HP: 14/34 MP: 0/2
   940 | D:2      | Reached XP level 4. HP: 17/41 MP: 0/3
   940 | D:2      | Reached XP level 5. HP: 20/47 MP: 0/4
  1270 | D:2      | Identified the +1 ring mail of Sunlight {+Inv Will+ Int-3}
  1711 | D:3      | Found a glowing drain.
  1730 | Sewer    | Entered a sewer
  1926 | Sewer    | Reached skill level 5 in Fighting
  1926 | Sewer    | Reached skill level 5 in Axes
  1926 | Sewer    | Reached skill level 5 in Armour
  1926 | Sewer    | Reached XP level 6. HP: 32/56 MP: 3/5
  1927 | Sewer    | Reached skill level 1 in Dodging
  2559 | D:3      | Found a bloodstained altar of Trog.
  2794 | D:3      | Found an ornate altar of the Wu Jian Council.
  2937 | D:3      | Reached skill level 5 in Shields
  2937 | D:3      | Reached XP level 7. HP: 51/61 MP: 4/6
  3374 | D:4      | Noticed Robin
  3384 | D:4      | Killed Robin
  3428 | D:4      | Noticed Edmund
  3439 | D:4      | Killed Edmund
  3456 | D:4      | Identified the +5 spear "Jatops" {antimagic, ^Contam rF+
                  | Str+2}
  3457 | D:4      | Noticed Menkaure
  4014 | D:4      | Killed Menkaure
  4015 | D:4      | Reached skill level 1 in Maces & Flails
  4015 | D:4      | Reached skill level 1 in Stealth
  4286 | D:5      | Entered Level 5 of the Dungeon
  4286 | D:5      | Found a sparkling altar of Nemelex Xobeh.
  4291 | D:5      | Reached XP level 8. HP: 64/70 MP: 7/7
  4293 | D:5      | HP: 2/70 [ogre/+0 giant spiked club (27)]
  4293 | D:5      | Slain by a scorpion

Illustrated notes

Levels and vault maps discovered:
D:1:      sevenhm_arrival_forest_fort_large_2, layout_basic,
          shapermc_ecumenical_altar_acropolis, st_stairs_14
D:2:      layout_basic, minmay_worlds_worst_comb, uniq_sigmund
D:3:      layout_basic, mainiacjoe_overflow_small_starburst,
          mainiacjoe_overflow_cross_hatched, portal_sewer_entry_d,
          minmay_misc_feat_four_crosses
D:4:      layout_layer_cave, grunt_ministairs_3, minmay_liquid_box,
          uniq_menkaure, uniq_robin, uniq_edmund
D:5:      layout_basic, mainiacjoe_overflow_alcove_4, marbit_many_paths

Skill      XL: |  1  2  3  4  5  6  7 |
---------------+----------------------+-----
Shields        | 4 5 |  5.6
Fighting       | 4 5 |  5.7
Axes           | 4 5 6 |  6.9
Armour         | 4 5 6 |  6.5
Dodging        | 1 2 |  2.1
Maces & Flails | 1 |  1.8
Stealth        | 1 |  1.0

Action                     |  1- 3 |  4- 6 |  7- 9 || total
---------------------------+-------+-------+-------++-------
  Melee: War axe           |    54 |    93 |    47 ||   194
         Headbutt          |     9 |    12 |    10 ||    31
         Flail             |       |       |    29 ||    29
    Use: Potion            |     1 |       |       ||     1
         Scroll            |       |       |     1 ||     1
 Armour: Chain mail        |    46 |   125 |   102 ||   273
         Scale mail        |     1 |       |       ||     1
  Dodge: Dodged            |    20 |    62 |    60 ||   142
  Block: Buckler           |    14 |    30 |    33 ||    77
